 Dungeon Crawl Stone Soup version 0.21-a0-509-gecc5317 (webtiles) character file.

3782 Goblin1989 the Fighter (level 9, 0/76 HPs)
             Began as a Demonspawn Assassin on Nov 28, 2017.
             Was a Follower of Wu Jian.
             Slain by an orc warrior
             ... wielding a +0 glaive
              (11 damage)
             ... on level 9 of the Dungeon on Nov 29, 2017.
             The game lasted 00:31:32 (12384 turns).

Goblin1989 the Fighter (Demonspawn Assassin)       Turns: 12384, Time: 00:31:33

Health: 0/76       AC: 13    Str: 18    XL:     9   Next: 95%
Magic:  9/9        EV: 13    Int: 18    God:    Wu Jian [*.....]
Gold:   115        SH: 13    Dex: 20    Spells: 8/8 levels left

rFire    + . .     SeeInvis +   a - +2 dagger
rCold    . . .     Gourm    .   E - +2 shield
rNeg     . . .     Faith    .   Q - +1 leather armour of Etabouv {rElec rCorr Dex+4 SInv}
rPois    .         Spirit   .   K - +0 helmet
rElec    +         Reflect  .   d - +0 cloak
rCorr    +         Harm     .   (no gloves)
MR       .....                  Z - +0 pair of boots
Stlth    +++.......             (no amulet)
HPRegen  0.22/turn              y - +3 ring of slaying
MPRegen  0.11/turn              O - ring of Azepn {Str+7 Dex+3 Stlth-}

@: sanguine armour
A: clever 1, clumsy 1, fire resistance 1, nightstalker 1, wild magic 1, rot
immunity, sanguine armour 1
a: Renounce Religion


You were on level 9 of the Dungeon.
You worshipped Wu Jian.
Wu Jian was aware of your devotion.
You were hungry.

You visited 2 branches of the dungeon, and saw 10 of its levels.
You also visited: Ossuary.

You collected 433 gold pieces.
You spent 318 gold pieces at shops.

Inventory:

Hand Weapons
 a - a +2 dagger (weapon)
 w - a +0 blowgun {@w1}
 J - a +0 hunting sling of flaming
Missiles
 f - a curare-tipped needle
 g - 18 poisoned needles
 o - 24 bolts
 x - 377 stones (quivered)
 G - 93 sling bullets
Armour
 d - a +0 cloak (worn)
 q - a +0 robe of magic resistance
 z - a scarf of cloud immunity
 E - a +2 shield (worn)
 K - a +0 helmet (worn)
 Q - the +1 leather armour of Etabouv (worn) {rElec rCorr Dex+4 SInv}
   (You found it on level 6 of the Dungeon)

   It affects your dexterity (+4).
   It insulates you from electricity.
   It lets you see invisible.
   It protects you from acid and corrosion.
 Z - a +0 pair of boots (worn)
Jewellery
 y - a +3 ring of slaying (left hand)
 O - the ring of Azepn (right hand) {Str+7 Dex+3 Stlth-}
   (You found it on level 9 of the Dungeon)

   [ring of loudness]

   It affects your strength (+7).
   It affects your dexterity (+3).
   It makes you less stealthy.
Wands
 u - a wand of flame (38)
 v - a wand of disintegration (10)
 A - a wand of acid (6)
 U - a wand of digging (21)
Scrolls
 s - a scroll of fog
 B - a scroll of blinking
 C - 3 scrolls of immolation
 I - 5 scrolls of enchant weapon {unknown}
 M - 2 scrolls of magic mapping
 R - a scroll of identify {@r1}
 T - 2 scrolls of teleportation {!r, @r3}
 V - a scroll of fear
 X - 4 scrolls of remove curse {@r2}
 Y - 2 scrolls of amnesia
Potions
 m - a potion of might
 n - a potion of resistance
 p - a potion of ambrosia
 r - 2 potions of berserk rage {unknown}
 t - a potion of mutation {unknown}
 D - 5 potions of curing {@q1}
 L - a potion of magic {unknown}
 N - 3 potions of brilliance
 P - a potion of flight
 W - 2 potions of invisibility
Comestibles
 e - 6 bread rations {@e1}
 F - a royal jelly
 H - 3 meat rations {@e2}
 S - 3 fruits


   Skills:
 + Level 9.2 Fighting
 * Level 5.2 Short Blades
 - Level 1.7 Throwing
 + Level 4.7 Dodging
 + Level 5.4 Stealth
 * Level 6.4 Shields


You had 8 spell levels left.
You didn't know any spells.

Dungeon Overview and Level Annotations

Branches:
Dungeon (9/15)             Temple (1/1) D:6
   Lair: D:8-11         Orc: D:9-12

Altars:
Ashenzari
Cheibriados
Dithmenos
Elyvilon
Gozag
Hepliaklqana
Kikubaaqudgha
Makhleb
Nemelex Xobeh
Okawaru
Qazlal
Ru
Sif Muna
Trog
Uskayaw
Vehumet
Wu Jian
Xom
The Shining One

Shops:
D:8 *!

Annotations:
D:3 Nattefrost's ghost, amateur HOMo
D:6 Eustachio; Grinder


Innate Abilities, Weirdness & Mutations

You are slightly more attuned to the shadows.
You are immune to rotting.
When seriously injured, your bleeding wounds create armour. (AC +6)
Your mind is acute. (Int +2)
You are clumsy. (Dex -2)
Your flesh is heat resistant. (rF+)
Your spells are a little harder to cast, but a little more powerful.


Message History

Unknown command.
You spin and attack the orc warrior repeatedly.
You barely miss the orc warrior.
The orc warrior is severely wounded.
You hit the orc warrior but do no damage.
The orc warrior is severely wounded.
You spin and attack the jackal.
You hit the jackal but do no damage.
The jackal is severely wounded.
You block the jackal's attack.
The jackal bites you but does no damage.
The orc warrior hits you with a glaive.
You take 3 damage, and have 71/76 hp.
You spin and attack the orc warrior.
You barely miss the orc warrior.
The orc warrior is severely wounded.
You spin and attack the jackal.
You barely miss the jackal.
The jackal is severely wounded.
You block the jackal's attack.
Unknown command.
You spin and attack the orc warrior.
You hit the orc warrior but do no damage.
The orc warrior is severely wounded.
You spin and attack the jackal.
You hit the jackal.
The jackal is severely wounded.
You block the jackal's attack.
The orc warrior hits you with a glaive!!
You take 20 damage, and have 52/76 hp.
MASSIVE DAMAGE!!
You spin and attack the orc warrior.
You hit the orc warrior but do no damage.
The orc warrior is severely wounded.
You spin and attack the jackal repeatedly.
You hit the jackal.
You kill the jackal!
The Council accepts your kill. The orc warrior hits you with a glaive.
Your blood congeals into armour.
The orc throws a tomahawk.
You block the tomahawk.
You see here a tomahawk.
You take 5 damage, and have 47/76 hp.
You spin and attack the orc warrior.
You hit the orc warrior but do no damage.
The orc warrior is severely wounded.
You block the orc's attack. You block the orc warrior's attack.
You hit the orc.
The orc is lightly wounded.
The orc hits you but does no damage.
Unknown command.
You closely miss the orc warrior.
The orc warrior is severely wounded.
The orc warrior barely misses you.
You spin and attack the orc warrior.
You completely miss the orc warrior.
The orc warrior is severely wounded.
You block the orc warrior's attack.
You see here a tomahawk.
You spin and attack the orc warrior repeatedly.
You hit the orc warrior but do no damage.
The orc warrior is severely wounded.
You hit the orc warrior.
The orc warrior is severely wounded.
You hit the orc warrior but do no damage.
The orc warrior is severely wounded.
The orc warrior hits you with a glaive!
* * * LOW HITPOINT WARNING * * *
You block the orc's attack.
You take 16 damage, and have 32/76 hp.
MASSIVE DAMAGE!!
You hit the orc warrior.
The orc warrior is almost dead.
The orc hits you but does no damage. The orc warrior hits you with a glaive!
* * * LOW HITPOINT WARNING * * *
You take 12 damage, and have 20/76 hp.
Unknown command.
You closely miss the orc.
The orc is lightly wounded.
You block the orc's attack.
You spin and attack the orc warrior repeatedly.
You closely miss the orc warrior.
The orc warrior is almost dead.
You hit the orc warrior.
The orc warrior is almost dead.
You spin and attack the orc.
You hit the orc.
The orc is heavily wounded.
The orc warrior closely misses you. You block the orc's attack.
You spin and attack the orc warrior repeatedly.
You hit the orc warrior but do no damage.
The orc warrior is almost dead.
You hit the orc warrior but do no damage.
The orc warrior is almost dead.
You spin and attack the orc.
You hit the orc but do no damage.
The orc is heavily wounded.
The orc warrior hits you with a glaive!
* * * LOW HITPOINT WARNING * * *
You block the orc's attack.
You take 9 damage, and have 11/76 hp.
You spin and attack the orc warrior repeatedly.
You hit the orc warrior but do no damage.
The orc warrior is almost dead.
You barely miss the orc warrior.
The orc warrior is almost dead.
You spin and attack the orc.
You hit the orc but do no damage.
The orc is heavily wounded.
You block the orc's attack. The orc warrior hits you with a glaive!
You die...

█.. ██... █ █.█ ███∆█ ███
██...███.███ █.█ .....
..████....♣...... █.█ █.█...
█................
████.███..█...█████...♣.<........
........%....................████
████.█..██....███.........♣..█
████...........o...████.....██
...............o@..█


███████ ...................█ █......████........█ █.....██ █........█ █...███
█...<....█ █...█ █..$...%.█ █████ █........█ █........█ ██████████ You could see
an orc warrior (pinned) and an orc (pinned).

Vanquished Creatures
  A two-headed ogre (D:8)
  Joseph (D:7)
  A wraith (Ossuary)
  A wyvern (D:8)
  Edmund (D:5)
  A sky beast (D:8)
  An orc warrior (D:8)
  2 ice beasts
  A phantom (D:8)
  3 ogres
  A centaur (D:6)
  2 big kobolds (D:8)
  2 bullfrogs
  2 wyvern zombies (D:9)
  A scorpion (D:4)
  2 jellies (D:5)
  2 water moccasin skeletons
  A howler monkey (D:4)
  A bullfrog zombie (D:9)
  An iron imp (D:5)
  6 orc wizards
  A centaur skeleton (D:7)
  5 hounds
  3 orc priests
  A bullfrog skeleton (D:4)
  Terence (D:2)
  4 worker ants
  2 hound zombies
  A hound skeleton (D:4)
  2 mummies
  Robin (D:4)
  3 gnolls (D:4)
  9 adders
  A shadow imp (D:7)
  2 oozes (D:2)
  2 adder zombies
  4 worms
  3 dart slugs
  3 leopard geckos
  17 orcs
  5 giant cockroaches
  12 goblins
  6 hobgoblins
  14 jackals
  12 kobolds
  2 ball pythons (D:2)
  4 bats
  A frilled lizard (D:1)
  4 gnoll skeletons (Ossuary)
  A goblin zombie (D:6)
  A hobgoblin zombie (D:6)
  10 kobold skeletons (Ossuary)
  11 orc skeletons (Ossuary)
  2 rats
184 creatures vanquished.

Vanquished Creatures (others)
  A worker ant (D:8)
1 creature vanquished.

Grand Total: 185 creatures vanquished

Notes
Turn   | Place    | Note
-------+----------+-------------------------------------------
     0 | D:1      | Goblin1989 the Demonspawn Assassin began the quest for the Orb.
     0 | D:1      | Reached XP level 1. HP: 16/16 MP: 1/1
   183 | D:1      | Gained mutation: You are slightly more attuned to the shadows. [demonic ancestry]
   183 | D:1      | Reached XP level 2. HP: 19/23 MP: 2/2
   440 | D:1      | Found a shattered altar of Ashenzari.
   561 | D:2      | Reached skill level 3 in Fighting
   821 | D:2      | Noticed Terence
  1270 | D:3      | Gained mutation: When seriously injured, your bleeding wounds create armour. (AC +6) [demonic ancestry]
  1270 | D:3      | Reached XP level 3. HP: 8/29 MP: 3/3
  1506 | D:3      | Noticed Nattefrost's ghost (amateur HOMo)
  1569 | D:2      | Killed Terence
  1569 | D:2      | Reached skill level 4 in Fighting
  1606 | D:2      | Reached XP level 4. HP: 17/38 MP: 4/4
  2826 | D:2      | Reached skill level 5 in Fighting
  3105 | D:4      | Reached XP level 5. HP: 25/44 MP: 5/5
  3827 | D:4      | Reached skill level 6 in Fighting
  4103 | D:4      | Reached XP level 6. HP: 52/53 MP: 6/6
  4237 | D:4      | Found a radiant altar of Vehumet.
  4602 | D:4      | Reached skill level 7 in Fighting
  4831 | D:4      | Noticed Robin
  5000 | D:4      | Killed Robin
  5733 | D:5      | Entered Level 5 of the Dungeon
  5813 | D:5      | Found a snail-covered altar of Cheibriados.
  5819 | D:5      | Reached skill level 1 in Dodging
  5819 | D:5      | Reached XP level 7. HP: 60/60 MP: 7/7
  5869 | D:5      | Found a white marble altar of Elyvilon.
  5963 | D:5      | Reached skill level 1 in Shields
  6284 | D:5      | Noticed Edmund
  6330 | D:5      | Killed Edmund
  6966 | D:6      | Found a sand-covered staircase.
  6992 | D:6      | Reached skill level 8 in Fighting
  6995 | D:6      | Got a slimy leather armour
  7235 | Ossuary  | Entered an ossuary
  7235 | Ossuary  | Noticed a wraith
  7235 | Ossuary  | Noticed a wraith
  7246 | Ossuary  | Identified the +1 leather armour of Etabouv {rElec rCorr Dex+4 SInv} (You found it on level 6 of the Dungeon)
  7246 | Ossuary  | Noticed a wraith
  7458 | Ossuary  | Noticed a wraith
  7534 | Ossuary  | Killed a wraith
  7534 | Ossuary  | Reached XP level 8. HP: 58/68 MP: 8/8
  7822 | D:6      | Found a staircase to the Ecumenical Temple.
  7840 | Temple   | Entered the Ecumenical Temple
  8164 | Temple   | Became a worshipper of the Wu Jian Council
  8591 | D:6      | Noticed Grinder
  8836 | D:6      | Noticed Eustachio
  9048 | D:7      | Noticed Joseph
  9102 | D:7      | Killed Joseph
  9631 | D:7      | Reached skill level 5 in Shields
  9631 | D:7      | Gained mutation: You are immune to rotting. [demonic ancestry]
  9631 | D:7      | Reached XP level 9. HP: 71/75 MP: 9/9
  9839 | D:8      | Found a stormy altar of Qazlal.
  9857 | D:8      | Found a glowing golden altar of the Shining One.
  9859 | D:8      | Found a hide-covered altar of Uskayaw.
  9859 | D:8      | Found an opulent altar of Gozag.
 10068 | D:8      | Noticed a two-headed ogre
 10113 | D:8      | Found Xiwn's Assorted Antiques.
 10125 | D:8      | Killed a two-headed ogre
 10125 | D:8      | Reached * piety under Wu Jian
 10359 | D:8      | Reached skill level 9 in Fighting
 10359 | D:8      | Reached skill level 5 in Stealth
 10449 | D:8      | Found a shadowy altar of Dithmenos.
 10507 | D:8      | Bought a smoky grey potion for 18 gold pieces
 10507 | D:8      | Bought a fizzy red potion for 18 gold pieces
 10507 | D:8      | Bought a brown potion for 18 gold pieces
 10556 | D:8      | Found a bloodstained altar of Trog.
 10556 | D:8      | Found an iron altar of Okawaru.
 10644 | D:8      | Gained mutation: You can translocate small distances at will. [mutagenic meat]
 10645 | D:8      | Gained mutation: Your mind is acute. (Int +2) [mutagenic meat]
 10646 | D:8      | Gained mutation: Your flesh is heat resistant. (rF+) [mutagenic meat]
 10647 | D:8      | Gained mutation: You are clumsy. (Dex -2) [mutagenic meat]
 10648 | D:8      | Lost mutation: You can translocate small distances at will. [mutagenic meat]
 10649 | D:8      | Gained mutation: Your spells are a little harder to cast, but a little more powerful. [mutagenic meat]
 10960 | D:8      | Found Juguilat's Distillery.
 10966 | D:8      | Found a sacrificial altar of Ru.
 11054 | D:8      | Bought a potion of resistance for 120 gold pieces
 11054 | D:8      | Bought a potion of invisibility for 96 gold pieces
 11054 | D:8      | Bought a potion of might for 48 gold pieces
 11147 | D:8      | Reached skill level 5 in Short Blades
 11418 | D:9      | Got a shimmering tin ring
 11451 | D:8      | Identified the ring of Azepn {Str+7 Dex+3 Stlth-} (You found it on level 9 of the Dungeon)
 12322 | D:8      | Upgraded the game from 0.21-a0-508-gf08a75f to 0.21-a0-509-gecc5317
 12384 | D:9      | Slain by an orc warrior

Vault maps used:
D:1:      minmay_arrival_shattered_statue, ashenzari_altar_1
D:2:      first_bread, uniq_terence
D:4:      old_standard_altar, uniq_robin
D:5:      slow_altar_2, kennysheep_mini_moat, uniq_edmund
D:6:      temple_fountains, nicolae_ossuary_entry_giza, uniq_duvessa,
          uniq_eustachio, uniq_grinder
D:7:      uniq_joseph
D:8:      grunt_temple_overflow_bloody_war, nicolae_ru_sacrificial_ziggurat,
          grunt_qazlal_clouds, grunt_temple_overflow_open, serial_shops,
          nicolae_shop_trees, nicolae_shop_window_shopping,
          grunt_dithmenos_smoke_and_mirrors
D:9:      gammafunk_temple_overflow_pools, zin_statuary,
          hangedman_little_slice_of_home, st_stairs_9, grunt_ministairs_1
Temple:   nicolae_temple_figure_zero
Ossuary:  ossuary_due_mausoleum

Skill      XL: |  1  2  3  4  5  6  7  8  9 |
---------------+----------------------------+-----
Fighting       | 3 4 5 6 7 8 9 |  9.2
Dodging        | 1 2 3 4 |  4.7
Shields        | 3 5 6 |  6.4
Short Blades   | 3 5 |  5.2
Stealth        | 4 5 |  5.4
Throwing       | |  1.7

Action                   |  1- 3 |  4- 6 |  7- 9 || total
-------------------------+-------+-------+-------++-------
Melee: Dagger            |    60 |   221 |   607 ||   888
       Unarmed           |       |       |    19 ||    19
 Fire: Blowgun           |    23 |    25 |    24 ||    72
Evoke: Wand              |       |       |     6 ||     6
  Use: Scroll            |       |       |    19 ||    19
       Potion            |       |       |     8 ||     8
 Stab: Sleeping          |     5 |     8 |     7 ||    20
       Distracted        |     1 |       |     6 ||     7
  Eat: Chunk             |     2 |    11 |    21 ||    34
       Royal jelly       |       |     1 |     3 ||     4
Armor: Robe              |    14 |    56 |    15 ||    85
       Leather armour    |       |       |    92 ||    92
       Skin              |       |       |     9 ||     9
Dodge: Dodged            |    43 |   135 |   189 ||   367
Block: Shield            |       |       |   333 ||   333

Table legend:
 A = Spawn XP
 B = Non-spawn XP
 C = Spawn XP percentage of total XP
 D = Spawn monster count
 E = Non-spawn monster count
 F = Spawn count percentage of total count
 G = Total turns spent on level
                    A         B        C        D         E        F      G
               +---------+---------+-------+---------+---------+-------+---------
         Total |       0 |    5404 |   0.0 |       0 |     184 |   0.0 | 12384
               +---------+---------+-------+---------+---------+-------+---------
           D:1 |       0 |      15 |   0.0 |       0 |       8 |   0.0 |   544
           D:2 |       0 |     141 |   0.0 |       0 |      23 |   0.0 |  1581
           D:3 |       0 |      28 |   0.0 |       0 |      13 |   0.0 |   953
           D:4 |       0 |     512 |   0.0 |       0 |      33 |   0.0 |  2655
           D:5 |       0 |     428 |   0.0 |       0 |      10 |   0.0 |  1240
           D:6 |       0 |     738 |   0.0 |       0 |      23 |   0.0 |  1244
           D:7 |       0 |     718 |   0.0 |       0 |       7 |   0.0 |   925
           D:8 |       0 |    2112 |   0.0 |       0 |      32 |   0.0 |  2377
           D:9 |       0 |     464 |   0.0 |       0 |       8 |   0.0 |   184
       Ossuary |       0 |     248 |   0.0 |       0 |      27 |   0.0 |   344
               +---------+---------+-------+---------+---------+-------+---------

Vault maps used:
D:1:      minmay_arrival_shattered_statue, ashenzari_altar_1
D:2:      first_bread, uniq_terence
D:4:      old_standard_altar, uniq_robin
D:5:      slow_altar_2, kennysheep_mini_moat, uniq_edmund
D:6:      temple_fountains, nicolae_ossuary_entry_giza, uniq_duvessa,
          uniq_eustachio, uniq_grinder
D:7:      uniq_joseph
D:8:      grunt_temple_overflow_bloody_war, nicolae_ru_sacrificial_ziggurat,
          grunt_qazlal_clouds, grunt_temple_overflow_open, serial_shops,
          nicolae_shop_trees, nicolae_shop_window_shopping,
          grunt_dithmenos_smoke_and_mirrors
D:9:      gammafunk_temple_overflow_pools, zin_statuary,
          hangedman_little_slice_of_home, st_stairs_9, grunt_ministairs_1
Temple:   nicolae_temple_figure_zero
Ossuary:  ossuary_due_mausoleum
